 Dungeon Crawl Stone Soup version 0.28-a0-1087-gf3fc490d9d (webtiles) character file.

Game seed: 12369196091509719730

31248 kae the Severer (level 13, -2/123 HPs)
             Began as a Hill Orc Fighter on Dec 10, 2021.
             Was a Priest of Qazlal.
             Slain by a two-headed ogre (3 damage)
             ... in a volcano.
             The game lasted 00:12:06 (19252 turns).

kae the Severer (Hill Orc Fighter)                 Turns: 19252, Time: 00:12:07

Health: -2/123     AC: 18    Str: 24    XL:     13   Next: 56%
Magic:  0/23       EV: 10    Int:  8    God:    Qazlal [***...]
Gold:   437        SH:  8    Dex: 10    Spells: 12/12 levels left

rFire   + . .      SeeInvis .   a - +3 war axe (venom)
rCold   x . .      Faith    .   c - +0 buckler
rNeg    . . .      Spirit   .   b - +0 scale mail
rPois   .          Reflect  .   H - +0 hat {Will+}
rElec   .          Harm     .   e - +1 cloak
rCorr   .          Rampage  .   m - +1 pair of gloves {infuse}
Will    +....                   (no boots)
Stlth   ..........              (no amulet)
HPRegen 0.30/turn               y - +4 ring of protection
MPRegen 0.18/turn               r - ring of fire

@: mighty
A: no striking features
a: Renounce Religion, Upheaval, Elemental Force


You were in a volcano.
You worshipped Qazlal.
Qazlal was most pleased with you.
You visited 3 branches of the dungeon, and saw 15 of its levels.
You also visited: Volcano.

You collected 898 gold pieces.
You spent 461 gold pieces at shops.

Inventory:

Hand Weapons
 a - a +3 war axe of venom (weapon)
 u - a +1 hand axe of electrocution
Missiles
 j - a throwing net (quivered)
Armour
 b - a +0 scale mail (worn)
 c - a +0 buckler (worn)
 e - a +1 cloak (worn)
 m - a +1 pair of gloves of infusion (worn)
 H - a +0 hat of willpower (worn)
Jewellery
 n - a ring of wizardry
 r - a ring of fire (right hand)
 t - a ring of flight
 v - a ring of protection from fire
 y - a +4 ring of protection (left hand)
 B - a ring of see invisible
 F - a +6 ring of dexterity
Wands
 i - a wand of iceblast (4)
 k - a wand of mindburst (5)
 p - a wand of polymorph (36)
 x - a wand of acid (4)
 C - a wand of charming (7)
Scrolls
 f - 3 scrolls of amnesia
 g - a scroll of identify
 w - 4 scrolls of teleportation
 z - 2 scrolls of enchant armour
 A - a scroll of fog
Potions
 d - 3 potions of might
 h - 3 potions of heal wounds
 l - 6 potions of curing
 o - 3 potions of flight
 q - 4 potions of attraction
 s - a potion of degeneration
 D - 2 potions of haste
 E - a potion of berserk rage


   Skills:
 + Level 13.7 Fighting
 - Level 16.0 Axes
 + Level 12.6 Armour
 - Level 4.0 Shields
 - Level 13.5 Invocations
 + Level 3.4 Evocations


You had 12 spell levels left.
You didn't know any spells.
Your spell library contained the following spells:

 Spells                   Type           Power      Damage    Failure   Level
 Slow                     Hex            0%         N/A       65%         1
 Ensorcelled Hibernation  Hex/Ice        0%         N/A       78%         2
 Call Canine Familiar     Summ           0%         N/A       95%         3
 Confusing Touch          Hex            0%         N/A       95%         3
 Ignite Poison            Fire/Tmut/Pois 0%         N/A       95%         3
 Mephitic Cloud           Conj/Pois/Air  0%         N/A       95%         3
 Ozocubu's Armour         Ice            0%         N/A       95%         3
 Portal Projectile        Hex/Tloc       0%         N/A       95%         3
 Spider Form              Tmut/Pois      0%         N/A       95%         3
 Hailstorm                Conj/Ice       0%         3d3       100%        4
 Ice Form                 Ice/Tmut       0%         N/A       100%        4
 Leda's Liquefaction      Hex/Erth       0%         N/A       100%        4
 Summon Lightning Spire   Summ/Air       0%         N/A       100%        4
 Freezing Cloud           Conj/Ice/Air   0%         6-21      100%        5
 Yara's Violent Unravell  Hex/Tmut       0%         3d3       100%        5
 Conjure Ball Lightning   Conj/Air       0%         3x3d6     100%        6
 Simulacrum               Ice/Necr       0%         N/A       100%        6
 Ozocubu's Refrigeration  Ice            0%         4d5       100%        7
 Storm Form               Tmut/Air       0%         N/A       100%        7
 Borgnjor's Revivificati  Necr           0%         N/A       100%        8
 Discord                  Hex            0%         N/A       100%        8
 Disjunction              Tloc           0%         N/A       100%        8
 Maxwell's Capacitive Co  Air            0%         ∞         100%        8
 Necromutation            Tmut/Necr      0%         N/A       100%        8
 Death's Door             Necr           0%         N/A       100%        9


Dungeon Overview and Level Annotations

Branches:
Dungeon (11/15)            Temple (1/1) D:5            Lair (3/6) D:10
    Orc (0/2) D:9         Volcano (1/1)
  Swamp: Lair:2-4    Shoals: Lair:2-4     Snake: Lair:2-4    Spider: Lair:2-4

Altars:
Ashenzari
Cheibriados
Dithmenos
Elyvilon
Fedhas
Gozag
Hepliaklqana
Kikubaaqudgha
Makhleb
Nemelex Xobeh
Okawaru
Qazlal
Ru
Sif Muna
Trog
Uskayaw
Vehumet
Wu Jian
Xom
Yredelemnul
Zin
The Shining One
Beogh

Shops:
D:5 [   D:7 **   D:10 ?

Portals:
Trove: D:10 (give 2 scrolls of acquirement)


Message History

You slash something! Qazlal accepts your kill.
Reactivating autopickup.
You feel a bit more experienced.
A two-headed ogre comes into view.
It is wielding a +2 great mace of flaming and a +1 great mace of flaming.
The two-headed ogre shouts in stereo!
Items here: )))))) [[ †.
A two-headed ogre comes into view.
It is wielding two +0 giant clubs of flaming.
There is an open door, spattered with blood here.
Items here: )))))) [[ †.
You don't have enough magic at the moment.
Unknown command.
A two-headed ogre comes into view.
It is wielding a +2 great mace of flaming and a +0 giant club of flaming.
The two-headed ogre shouts in stereo!
The two-headed ogre hits you with a +2 great mace of flaming!
The two-headed ogre burns you.
The two-headed ogre hits you with a +1 great mace of flaming!
The two-headed ogre burns you.
* * * LOW HITPOINT WARNING * * *
Items here: )))))) [[ †.
You barely miss the two-headed ogre. The two-headed ogre barely misses you.
The two-headed ogre hits you with a +1 great mace of flaming.
* * * LOW HITPOINT WARNING * * *
You slash the two-headed ogre!
The two-headed ogre is lightly wounded.
You barely miss the two-headed ogre.
The two-headed ogre is lightly wounded.
The two-headed ogre barely misses you. You block the two-headed ogre's attack.
You hit the two-headed ogre.
The two-headed ogre is poisoned.
The two-headed ogre is moderately wounded.
You completely miss the two-headed ogre.
The two-headed ogre is moderately wounded.
The two-headed ogre hits you with a +2 great mace of flaming!
* * * LOW HITPOINT WARNING * * *
The two-headed ogre burns you.
* * * LOW HITPOINT WARNING * * *
The two-headed ogre hits you with a +1 great mace of flaming!
* * * LOW HITPOINT WARNING * * *
The two-headed ogre burns you.
You die...

#.§§≈≈≈≈§§≈≈≈§≈≈.....
##..≈.≈≈≈§≈≈≈≈≈≈..###
#....≈≈≈≈≈≈≈≈...##
#......§≈§§§...##
##......≈≈≈§...#
#...#...≈≈...##
#8.8###.....##
##.###.#....# #@#
###..### #O# ####
#.O.# #O.∩..#
#..###..# #..# #..#
#..# #..# ...# #...
... ...


You could see 3 two-headed ogres.

Vanquished Creatures
  Gastronok (Lair:1)
  Josephine (D:10)
  The ghost of Jade the Earth Mage, a journeyman GrEE of Vehumet (Lair:2)
  An ogre mage (Volcano)
  A hydra (Lair:1)
  Erica (Lair:2)
  A centaur warrior (D:9)
  6 two-headed ogres
  A hell knight (Volcano)
  4 lindwurms (Lair:2)
  Joseph (D:8)
  Maurice (D:9)
  4 cane toads
  A gargoyle (D:9)
  7 komodo dragons
  A rime drake (Lair:2)
  2 efreet
  2 kobold demonologists (D:11)
  A troll (D:11)
  2 hornets (D:9)
  Grinder (D:4)
  4 blink frogs (Lair:1)
  A shadow (D:11)
  5 wraiths
  A vampire (D:9)
  4 wyverns
  32 yaks
  5 fire bats (Volcano)
  3 basilisks
  Grum (Lair:1)
  6 water moccasins
  2 acid dragons
  5 black bears
  A sky beast (D:7)
  6 orc warriors
  3 ice beasts
  An ogre (D:7)
  7 centaurs
  13 wolves
  A kobold brigand (D:11)
  5 bullfrogs
  A wyvern zombie (D:6)
  Blork the orc (D:5)
  3 scorpions
  A water moccasin zombie (D:5)
  5 wights (D:9)
  4 electric eels
  A howler monkey (D:9)
  7 lava snakes (Volcano)
  5 centaur zombies
  A jelly (D:5)
  2 hounds
  3 orc priests
  2 iguanas
  4 orc wizards
  Robin (D:3)
  A gnoll (D:2)
  4 adders
  3 ufetubi
  A worm (D:2)
  3 dart slugs
  33 orcs
  5 ball pythons
  11 bats
  8 endoplasms
  2 giant cockroaches
  16 goblins
  6 hobgoblins
  3 jackals (D:1)
  7 kobolds
  3 quokkas
  7 rats
301 creatures vanquished.

Vanquished Creatures (others)
  48 fungi
  74 plants
122 creatures vanquished.

Grand Total: 423 creatures vanquished

Notes
Turn   | Place    | Note
-------+----------+-------------------------------------------
     0 | D:1      | kae the Hill Orc Fighter began the quest for the Orb.
     0 | D:1      | Reached XP level 1. HP: 19/19 MP: 1/1
    51 | D:1      | Reached skill level 3 in Axes
   119 | D:1      | Reached XP level 2. HP: 26/26 MP: 2/2
   286 | D:1      | Reached skill level 4 in Axes
   590 | D:1      | Reached XP level 3. HP: 27/31 MP: 3/3
   960 | D:2      | Reached skill level 5 in Axes
  1201 | D:2      | Reached XP level 4. HP: 38/39 MP: 4/4
  1205 | D:2      | Found a sparkling altar of Nemelex Xobeh.
  1410 | D:2      | Found a faded altar of an unknown god.
  1618 | D:3      | Found a shimmering blue altar of Sif Muna.
  1987 | D:3      | Noticed a centaur
  1997 | D:3      | Killed a centaur
  1998 | D:3      | Reached skill level 6 in Axes
  1998 | D:3      | Reached XP level 5. HP: 37/45 MP: 5/5
  2056 | D:3      | Noticed Robin
  2068 | D:3      | Reached skill level 7 in Axes
  2072 | D:3      | Killed Robin
  2902 | D:4      | Reached skill level 8 in Axes
  2902 | D:4      | Reached XP level 6. HP: 51/51 MP: 6/6
  2933 | D:4      | Noticed Grinder
  2941 | D:4      | Killed Grinder
  2942 | D:4      | Reached skill level 9 in Axes
  2942 | D:4      | Reached XP level 7. HP: 57/57 MP: 7/7
  3372 | D:5      | Entered Level 5 of the Dungeon
  3493 | D:5      | Reached skill level 10 in Axes
  3604 | D:5      | Noticed Blork the orc
  3610 | D:5      | Killed Blork the orc
  3813 | D:5      | Found a staircase to the Ecumenical Temple.
  3969 | Temple   | Entered the Ecumenical Temple
  4109 | Temple   | Became a worshipper of Qazlal Stormbringer
  4183 | D:5      | Found Posinyzi's Armour Shop.
  4191 | D:5      | Bought a +1 pair of gloves of infusion for 181 gold pieces
  4221 | D:5      | Reached skill level 11 in Axes
  4712 | D:6      | Reached XP level 8. HP: 59/64 MP: 0/8
  4880 | D:6      | Reached skill level 12 in Axes
  5642 | D:7      | Reached skill level 13 in Axes
  5902 | D:7      | Found Tafy's General Store.
  5903 | D:7      | Found Hiwa Rol's Specific Store.
  6141 | D:7      | Reached skill level 14 in Axes
  6141 | D:7      | Reached XP level 9. HP: 46/70 MP: 0/9
  6679 | D:8      | Noticed a two-headed ogre
  6691 | D:8      | Killed a two-headed ogre
  6691 | D:8      | Reached * piety under Qazlal
  6692 | D:8      | Reached skill level 15 in Axes
  6936 | D:8      | Reached skill level 16 in Axes
  6936 | D:8      | Reached skill level 1 in Invocations
  7634 | D:8      | Noticed Joseph
  7639 | D:8      | Killed Joseph
  7640 | D:8      | Reached skill level 5 in Fighting
  7783 | D:9      | Reached XP level 10. HP: 76/81 MP: 1/12
  7878 | D:9      | Paralysed by a hornet for 2 turns
  7885 | D:9      | Reached skill level 5 in Armour
  8264 | D:9      | Reached skill level 5 in Invocations
  8536 | D:9      | Noticed a two-headed ogre
  9011 | D:9      | Found a roughly hewn altar of Beogh.
  9011 | D:9      | Found a staircase to the Orcish Mines.
  9368 | D:9      | Noticed Maurice
  9421 | D:9      | Killed Maurice
  9575 | D:9      | Killed a two-headed ogre
  9807 | D:9      | Reached XP level 11. HP: 73/94 MP: 7/16
 10501 | D:9      | Noticed a centaur warrior
 10516 | D:9      | Killed a centaur warrior
 10729 | D:9      | Reached ** piety under Qazlal
 10936 | D:9      | Found a glowing silver altar of Zin.
 10936 | D:9      | Found a sparkling altar of Nemelex Xobeh.
 10937 | D:9      | Found a burning altar of Makhleb.
 10967 | D:10     | Entered Level 10 of the Dungeon
 11059 | D:10     | Noticed a two-headed ogre
 11397 | D:9      | Killed a two-headed ogre
 11874 | D:10     | Found a staircase to the Lair.
 12187 | D:10     | Reached skill level 10 in Invocations
 12330 | D:10     | Found a portal to a secret trove of treasure.
 12332 | D:10     | Noticed Josephine
 12342 | D:10     | Killed Josephine
 12343 | D:10     | Reached skill level 10 in Fighting
 12678 | D:10     | Found Qehour's Magic Scroll Boutique.
 12724 | D:10     | Bought a scroll of brand weapon for 280 gold pieces
 13007 | D:11     | Noticed a two-headed ogre
 13014 | D:11     | Killed a two-headed ogre
 13015 | D:11     | Reached XP level 12. HP: 93/108 MP: 10/20
 13189 | D:11     | Reached skill level 10 in Armour
 13339 | D:11     | Noticed a sun demon
 13345 | D:11     | Reached *** piety under Qazlal
 14466 | Lair:1   | Entered Level 1 of the Lair of Beasts
 14647 | Lair:1   | Noticed a six-headed hydra
 14655 | Lair:1   | Killed an 11-headed hydra
 14660 | Lair:1   | Noticed Gastronok
 14971 | Lair:1   | Killed Gastronok
 15634 | Lair:1   | Noticed Grum
 15663 | Lair:1   | Killed Grum
 15671 | Lair:1   | Reached XP level 13. HP: 50/119 MP: 0/22
 16915 | Lair:2   | Found a runed translucent door.
 17317 | Lair:2   | Reached skill level 1 in Evocations
 17535 | Lair:2   | Noticed Erica
 17545 | Lair:2   | Killed Erica
 17974 | Lair:2   | Noticed Jade's ghost (journeyman GrEE)
 18266 | Lair:2   | Killed Jade's ghost
 18689 | Lair:3   | Found a dark tunnel.
 18797 | Volcano  | Entered a volcano
 19252 | Volcano  | HP: 1/123 [two-headed ogre (17)]
 19252 | Volcano  | Slain by a two-headed ogre

Illustrated notes

Levels and vault maps discovered:
D:1:      lightli_molten_gateway, layout_loops_ring
D:2:      layout_loops_cross, shapermc_ecumenical_altar_mp_ritualfount,
          basic_altar, minmay_heptomino_l4
D:3:      layout_basic, nicolae_sif_muna_little_library, serial_corexii_hall,
          corexii_hall_statues_x, chequers_hall_statues_y, uniq_robin
D:4:      layout_loops_ring, uniq_grinder
D:5:      lemuel_ice_spiral_2, layout_rooms, minmay_temple_entry_slanted,
          serial_co_window_serial, co_window_corner_a, co_window_paths_a,
          co_window_paths_b, co_window_paths_a, co_window_corner_a,
          co_window_paths_c, co_window_paths_c, co_window_corner_cb,
          co_window_4corner_b, glass_columns_a, glass_columns_b,
          glass_columns_a, glass_columns_a, minmay_misc_feat_rugged,
          nicolae_stop_n_shop_2, kennysheep_small_spiral, uniq_blork_the_orc
D:6:      layout_loops_cross, item_on_display_a
D:7:      layout_cave_pools, nicolae_specific_store
D:8:      layout_loops_ring, corexii_checkpoint_b, minmay_crossroads,
          uniq_joseph
D:9:      layout_basic, nicolae_overflow_hidden_temple, david_orc_5,
          minmay_shattered_shrine, uniq_maurice
D:10:     layout_basic, due_lair_maze_entry_diamond,
          nicolae_trove_entry_isolated, kennysheep_small_square, uniq_josephine
D:11:     layout_gridville
Temple:   regret_index_temple_mists
Lair:1:   layout_misc_corridors, serial_bayou_shore_a, uniq_grum, uniq_gastronok
Lair:2:   layout_regular_city, ebering_ghost_reflecting_pool,
          minmay_lindwurm_lava, lemuel_fruit_tree, serial_bayou_shore_b,
          infiniplex_staircase_pool, uniq_urug, uniq_erica
Lair:3:   layout_cave_pods, minmay_snake_entry_six_corridors, basic_altar,
          nicolae_volcano_entry_s_turn
Volcano:  volcano_grotto [vgs_dualism]

Skill      XL: |  1  2  3  4  5  6  7  8  9 10 11 12 13 |
---------------+----------------------------------------+-----
Axes           | 3 4 5 6 8 9 11 14 16 | 16.0
Shields        | 4 |  4.0
Fighting       | 5 8 10 12 13 | 13.7
Invocations    | 3 7 10 13 | 13.5
Armour         | 4 7 9 11 12 | 12.6
Evocations     | 3 |  3.4

Action                   |  1- 3 |  4- 6 |  7- 9 | 10-12 | 13-15 || total
-------------------------+-------+-------+-------+-------+-------++-------
Melee: War axe           |    89 |    76 |       |   170 |   144 ||   479
       Hand axe          |       |    13 |   196 |   376 |       ||   585
Invok: Upheaval          |       |       |       |     2 |     4 ||     6
Evoke: Wand              |       |       |       |       |    10 ||    10
  Use: Scroll            |     2 |     4 |    10 |     6 |     3 ||    25
       Potion            |       |       |     2 |     5 |     1 ||     8
Armor: Scale mail        |    44 |    48 |    86 |   221 |    37 ||   436
       Skin              |       |       |       |    22 |       ||    22
Dodge: Dodged            |    39 |    42 |    55 |   188 |    27 ||   351
Block: Buckler           |    26 |    15 |    30 |   143 |    38 ||   252

Table legend: (Time is in decaauts)
 A = Elapsed time spent in this place.
 B = Non-inter-level travel time spent in this place.
 C = Inter-level travel time spent in this place.
 D = Time resting spent in this place.
 E = Time spent auto-exploring this place.
 F = Levels seen in this place.
 G = Mean time per level.
                   A        B        C        D        E       F      G
               +--------+--------+--------+--------+--------+-----+--------+
         Total |  19040 |  18563 |    477 |   2903 |  13743 |  16 | 1190.0 |
       Dungeon |  14418 |  14066 |    352 |   1998 |  10597 |  11 | 1310.7 |
        Temple |    152 |    133 |     19 |      0 |    112 |   1 |  152.0 |
          Lair |   4029 |   3925 |    104 |    868 |   2711 |   3 | 1343.0 |
       Volcano |    439 |    439 |      0 |     37 |    323 |   1 |  439.0 |
               +--------+--------+--------+--------+--------+-----+--------+

Top non-repeatable levels by time:
     D:9: 3217 daAuts
  Lair:2: 2212 daAuts
     D:8: 1771 daAuts
    D:10: 1690 daAuts
  Lair:1: 1542 daAuts
    D:11: 1435 daAuts
     D:5: 1114 daAuts
     D:3: 1034 daAuts
     D:6: 952 daAuts
     D:1: 875 daAuts
     D:7: 826 daAuts
     D:4: 782 daAuts
     D:2: 719 daAuts
 Volcano: 439 daAuts
  Lair:3: 274 daAuts
